 Dungeon Crawl Stone Soup version 0.19.3-1-g3169bf9 (webtiles) character file.

39 Alarkh the Ruffian (level 3, -3/31 HPs)
             Began as a Ghoul Monk on Jan 26, 2017.
             Slain by Natasha (8 damage)
             ... on level 2 of the Dungeon.
             The game lasted 00:00:55 (932 turns).

Alarkh the Ruffian (Ghoul Monk)                      Turns: 932, Time: 00:00:55

Health: -3/31      AC:  2    Str: 14    XL:     3   Next: 47%
Magic:  2/2        EV: 12    Int:  6    God:
Gold:   49         SH:  0    Dex: 11    Spells: 0 memorised, 2 levels left

rFire  . . .     SeeInvis .       - Unarmed
rCold  + . .     Gourm    .     a - +0 robe
rNeg   + + +     Faith    .     (no shield)
rPois  ∞         Spirit   .     (no helmet)
rElec  .         Reflect  .     (no cloak)
rCorr  .         Harm     .     (no gloves)
MR     .....                    (no boots)
Stlth  ++........               (no amulet)
                                (no ring)
                                (no ring)

@: rotting, slowed, very slow
A: rotting body, claws 1, carnivore 3, cold resistance 1, negative energy
resistance 3, slow regeneration 1, torment resistance, unbreathing
a: no special abilities


You were on level 2 of the Dungeon.
You were not hungry.

You visited 1 branch of the dungeon, and saw 2 of its levels.

You collected 49 gold pieces.

Inventory:

Armour
 a - a +0 robe (worn)
Jewellery
 g - a cursed ring of teleportation {unknown}
Scrolls
 c - a scroll of recharging {unknown}
 d - a scroll of fog
 e - a scroll of blinking {unknown}
 f - a scroll of amnesia {unknown}
 i - a scroll of teleportation {unknown}
 k - a scroll of immolation
 o - a scroll of remove curse {unknown}
 p - a scroll of identify {unknown}
Potions
 j - a potion of brilliance {unknown}
 l - a potion of invisibility {unknown}
 m - 2 potions of agility {unknown}
 n - 3 potions of curing {unknown}
Comestibles
 b - 2 meat rations
 h - 8 chunks of flesh


   Skills:
 - Level 3.2 Fighting
 - Level 2.6 Dodging
 - Level 2.1 Stealth
 + Level 4.8 Unarmed Combat


You had 2 spell levels left.
You didn't know any spells.

Dungeon Overview and Level Annotations

Branches:
Dungeon (2/15)

Altars:
Kikubaaqudgha

Annotations:
D:2 Natasha


Innate Abilities, Weirdness & Mutations

Your body is rotting away.
You thrive on raw meat.
You are immune to poison.
You have sharp fingernails.
You are carnivorous and can eat meat at any time.
Your flesh is cold resistant. (rC+)
You are immune to negative energy. (rN+++)
You regenerate slowly when monsters are visible.
You are immune to unholy pain and torment.
You can survive without breathing.


Message History

Natasha casts a spell at you.
You feel yourself slow down.
You claw Natasha!
Natasha is almost dead.
Natasha stares at you and mumbles some strange words.
The magic dart hits you!
You closely miss Natasha.
Natasha is almost dead.
Natasha claws you. Natasha casts a spell at you. The magic dart hits you!
* * * LOW HITPOINT WARNING * * *
You miss Natasha.
Natasha is almost dead.
Natasha claws you.
* * * LOW HITPOINT WARNING * * *
You barely miss Natasha.
Natasha is almost dead.
Natasha claws you!
You die...

.....#.#####.#####
#. ....#.#.#.......#
# #..
..)..#.#..####.# #
#..#..# #.#....)..#
. #..#.#
#.#...###### . .)...
#.#............
.<.###.#.#.#########
#h..#.#.#.#
#@##.#.#.#####
#....#........
####.....#####
#......# ........#
####....[# #.....#
#.....# #.....#


You could see Natasha.

Vanquished Creatures
  An adder (D:2)
  A dart slug (D:2)
  2 ball pythons (D:2)
  3 goblins
  5 hobgoblins
  A quokka (D:2)
  6 bats
  A frilled lizard (D:1)
  4 kobolds
  3 rats (D:1)
27 creatures vanquished.

Notes
Turn   | Place    | Note
-------+----------+-------------------------------------------
     0 | D:1      | Alarkh the Ghoul Monk began the quest for the Orb.
     0 | D:1      | Reached XP level 1. HP: 19/19 MP: 0/0
   176 | D:1      | Reached XP level 2. HP: 15/26 MP: 1/1
   364 | D:1      | Reached skill level 4 in Unarmed Combat
   813 | D:2      | Reached XP level 3. HP: 30/31 MP: 2/2
   852 | D:2      | Found an ancient bone altar of Kikubaaqudgha.
   920 | D:2      | Noticed Natasha
   932 | D:2      | Slain by Natasha

Skill      XL: |  1  2 |
---------------+-------+-----
Unarmed Combat | 4 |  4.8
Fighting       | |  3.2
Dodging        | |  2.6
Stealth        | |  2.1

Action                   || total
-------------------------++-------
Melee: Unarmed           ||    97
  Use: Scroll            ||     2
 Stab: Sleeping          ||     6
  Eat: Chunk             ||     3
Armor: Robe              ||    28
Dodge: Dodged            ||    78
